Anemone, neutral female sylph Wizard ----- # #.....#####@D##D#DD ----- --------------- #|x..| # ----- | | |..............######### #....| #D%| .[| | >a.########## |.....^....Y..| ###----- #....| | | ##-.^..*.....^..| # # |.D$| --.-- # |..........S..+######### # | .=| # ### --------.------ # ----- # # ## # # ## ### # # #### # ########################)########## #### # # # ---------.--- #### # ## ### |...........| ##### # -.--------- # |...........| ----.---.---# |..........#####-...........| |..........|# ---- |.........| ------------- |......<....# |...#####..........+################## |..........| |..| |.........| ------------ ---- ----------- Anemone the Magician Experience level: 11 Strength: 15 Dexterity: 11 Constitution: 16 Intelligence: 19 Wisdom: 20 Charisma: 9 Health: 0(84) Energy: 89(186) Def: 4 Gold: 0 Moves: 17925 Dungeon seed: PkhkF4e1_75LcMJU Game ID: Anemone_1487167762 Your Inventory: Amulets b - an uncursed amulet of reflection (being worn) Weapons a - a blessed +1 quarterstaff J - the rustproof +0 Magicbane (weapon in hand) Armor e - an uncursed thoroughly burnt +0 cloak of magic resistance (being worn) j - a blessed fireproof +2 pair of speed boots n - a blessed +2 silver dragon scale mail y - a blessed greased rustproof +0 helm of brilliance Comestibles v - 6 uncursed figues H - 2 uncursed tripe rations W - an uncursed lembas wafer Tools i - a +0 pick-axe (alternate weapon; not wielded) l - a blessed magic lamp (lit) o - an uncursed skeleton key q - an uncursed stethoscope w - a +0 unicorn horn z - a blessed bag of holding V - an uncursed figurine of a vampire bat Gems f - a blessed luckstone Contents of the bag of holding: 24054 gold pieces a cursed amulet of strangulation a +0 dagger a +0 long sword an uncursed +0 mummy wrapping an uncursed +0 pair of speed boots 5 uncursed food rations an uncursed sprig of wolfsbane 5 uncursed tripe rations a blessed scroll of blank paper 2 uncursed scrolls of blank paper 2 uncursed scrolls of confuse monster 2 uncursed scrolls of create monster 2 cursed scrolls of create monster an uncursed scroll of destroy armor a blessed scroll of enchant armor an uncursed scroll of enchant armor a cursed scroll of enchant armor an uncursed scroll of identify 2 uncursed scrolls of light an uncursed scroll of punishment an uncursed scroll of remove curse an uncursed scroll of taming an uncursed spellbook of fireball an uncursed spellbook of light an uncursed potion of booze an uncursed potion of confusion an uncursed potion of extra healing 3 uncursed potions of gain energy a blessed potion of gain level 3 uncursed potions of gain level 2 uncursed potions of invisibility an uncursed potion of monster detection 2 blessed potions of object detection an uncursed potion of paralysis a blessed potion of restore ability an uncursed potion of see invisible an uncursed potion of water an uncursed ring of aggravate monster a blessed +1 ring of increase damage an uncursed ring of polymorph an uncursed ring of regeneration a wand of enlightenment (0:13) a wand of fire (0:1) a can of grease (0:8) 2 uncursed black opals 4 uncursed chrysoberyls 3 uncursed diamonds 4 uncursed emeralds 2 uncursed garnets an uncursed jasper 4 uncursed jets an uncursed opal an uncursed ruby 2 uncursed turquoises Spells and supernatural/magical abilities: Name Level Category Fail Memory a - force bolt 1 attack 0% 11% f - fireball 4 attack 0% 89% l - light 1 divination 0% 91% m - magic missile 2 attack 0% 23% n - detect monsters 1 divination 0% 29% z - sleep 2 enchantment 0% 61% F - finger of death 7 attack 90% 76% H - haste self 3 escape 63% 11% I - identify 3 divination 0% 11% M - magic mapping 5 divination 0% 23% O - create monster 2 clerical 0% 66% W - pray for help -- divine ? -- Your skills at the end: Miscellaneous Skills wands [Basic] stealth [Basic] Weapon Skills dagger [Basic] quarterstaff [Basic] Spellcasting Skills attack spells [Skilled] divination spells [Skilled] enchantment spells [Basic] clerical spells [Basic] Final Attributes: You were the Envoy of Balance. You were piously aligned. You were fire resistant. You were cold resistant. You were sleep resistant. You were shock resistant. You were poison resistant. You were magic-protected. You were blinded. Your writing hand was a little cramped from use. You saw invisible. You had infravision. You were sensing the presence of monsters. You were invisible to others. You were displaced. You were very stealthy. You were protected. You were protected from shape changers. You had reflection. You were extremely lucky. You had extra luck. Good luck did not time out for you. You are dead. Vanquished creatures: 5 young blue dragons a vampire lord 6 black puddings a ghost 2 giant mimics a fire giant 2 large mimics a baby purple worm a black naga 2 xans 8 trolls a large dog 2 large cats a gargoyle a dwarf king 2 tengu a gelatinous cube 3 ochre jellies a chameleon a leocrotta a mountain centaur 7 giants 2 elf mummies a red naga 4 Grey-elves 3 wraiths an ettin zombie a leather golem 4 incubi a giant beetle 4 wolves 2 black lights a lynx a panther 2 leprechauns a quivering blob a spotted jelly a lizard an orc-captain 5 giant spiders a scorpion 2 iron piercers a horse an ice vortex 12 vampire bats 2 forest centaurs 5 gnome kings 3 orc mummies a dwarf mummy an ogre 2 brown puddings 2 Green-elves 2 owlbears a gold golem 2 giant eels an apprentice 4 chickatrices 2 dingos 3 jaguars 4 dwarf lords 2 blue jellies a water nymph 2 white unicorns 5 black unicorns 3 dust vortices a raven 3 plains centaurs a gnome mummy 9 Woodland-elves 4 snakes a human zombie 3 rope golems 3 yellow lights 12 bugbears an imp 4 quasits 2 wood nymphs 4 Mordor orcs 11 Uruk-hai 2 orc shamans a rock mole 2 rock piercers a pony 2 fog clouds 2 violet fungi 22 gnome lords 2 gnomish wizards a kobold mummy a barrow wight 4 elf zombies a ghoul 3 paper golems 8 giant ants a puppy 3 floating eyes a kitten 22 dwarves 5 homunculi a kobold lord a kobold shaman 5 iguanas 3 hill orcs 3 rothes a rabid rat a centipede 2 jitterbugs 5 giant bats a monkey 5 orc zombies 2 wererats 12 killer bees 8 coyotes 5 gas spores 9 hobbits 4 acid blobs 5 large kobolds 7 geckos 11 hobgoblins 12 giant rats 5 cave spiders a brown mold 3 yellow molds 2 green molds 5 red molds 38 gnomes a garter snake 13 manes a gnome zombie 6 jackals 4 foxes a kobold 7 newts 8 goblins 6 sewer rats 14 grid bugs 6 bats 10 lichens 3 kobold zombies 532 creatures vanquished. Voluntary challenges: You were vegetarian. You had followed a strict vegan diet until turn 2507. You did not cause conflict. You were not invisible. You used a wielded weapon 310 times, starting on turn 18. You did not use plumbed fixtures. You did not drink any magical draughts. You read items or engraved 151 times, starting on turn 82. You never genocided any monsters. You never polymorphed an object. You never changed form. You completed Sokoban on turn 7332, according to the rules. You used 3 wishes, starting on turn 7600. You did not wish for any artifacts. You split 4 puddings, starting on turn 11899. You wrote Elbereth's name 2 times, starting on turn 16740. You violated your moral code, losing 1 point of alignment, starting on turn 1949. Dungeon overview: The Dungeons of Doom: levels 1 to 19 Level 1 a fountain a long staircase Level 2 a sink Level 3 Level 4 a general store stairs to The Gnomish Mines Level 5 a sink Level 6 many fountains Level 7 a fountain stairs to Sokoban Level 8 a fountain Level 9 Level 10 a sink Level 11 a general store Level 12 a fountain, a sink portal to The Quest Level 13 a fountain Level 14 a throne Level 15 an altar to Thoth, some fountains Level 16 a throne Level 17 Level 18 Level 19 <- You were here The Gnomish Mines: levels 5 to 12 Level 5 stairs to The Dungeons of Doom Level 6 Level 7 many shops, a temple to Thoth, a magic chest, some fountains Level 8 Level 9 Level 10 Level 11 Level 12 a magic chest, a fountain The Quest: Level 1 a magic chest, a throne portal to The Dungeons of Doom Sokoban: levels 3 to 6 Level 3 a magic chest Level 4 a delicatessen, a magic chest Level 5 Level 6 an altar to Ptah, a magic chest stairs to The Dungeons of Doom History has recorded: On T:1 you entered the Dungeons of Doom to retrieve the Amulet of Yendor! On T:339 you advanced to experience level 2. On T:373 you reached level 2 of The Dungeons of Doom. On T:389 you reached level 3 of The Dungeons of Doom. On T:457 you advanced to experience level 3. On T:748 you prayed to Thoth. On T:964 you reached level 4 of The Dungeons of Doom. On T:1131 you advanced to experience level 4. On T:1508 you reached level 5 of The Dungeons of Doom. On T:1514 you prayed to Thoth. On T:1733 you reached level 1 of The Gnomish Mines. On T:1870 you advanced to experience level 5. On T:1970 you reached level 2 of The Gnomish Mines. On T:2163 you advanced to experience level 6. On T:2182 you prayed to Thoth. On T:2355 you reached level 3 of The Gnomish Mines. On T:2414 you entered the Minetown temple On T:2439 you opened a magic chest. On T:2749 you prayed to Thoth. On T:2822 you reached level 4 of The Gnomish Mines. On T:3440 you prayed to Thoth. On T:3634 you reached level 6 of The Dungeons of Doom. On T:3673 you advanced to experience level 7. On T:3816 you reached level 7 of The Dungeons of Doom. On T:3898 you reached level 8 of The Dungeons of Doom. On T:4011 you prayed to Thoth. On T:4060 you reached level 4 of Sokoban. On T:4315 you reached level 3 of Sokoban. On T:4894 you prayed to Thoth. On T:5426 you reached level 2 of Sokoban. On T:5922 you reached level 1 of Sokoban. On T:5953 you advanced to experience level 8. On T:5975 you prayed to Thoth. On T:6915 you prayed to Thoth. On T:7332 you advanced to experience level 9. On T:7332 you entered the Sokoban zoo. On T:7536 you prayed to Thoth. On T:7600 you wished for "blessed +2 silver dragon scale mail". On T:7601 you wished for "blessed +2 fixed pair of speed boots". On T:7620 you wished for "blessed greased fixed +2 helm of brilliance". On T:8185 you prayed to Thoth. On T:8936 you reached level 5 of The Gnomish Mines. On T:8974 you reached level 6 of The Gnomish Mines. On T:9122 you reached level 7 of The Gnomish Mines. On T:9141 you reached level 8 of The Gnomish Mines. On T:9141 you reached the bottom of the Mines. On T:10739 you advanced to experience level 10. On T:11139 you received Magicbane from Thoth. On T:11280 you prayed to Thoth. On T:11952 you prayed to Thoth. On T:12941 you prayed to Thoth. On T:12944 you were named as the Envoy of Balance! On T:13926 you reached level 9 of The Dungeons of Doom. On T:14077 you reached level 10 of The Dungeons of Doom. On T:14310 you reached level 11 of The Dungeons of Doom. On T:14878 you reached level 12 of The Dungeons of Doom. On T:14941 you reached level 13 of The Dungeons of Doom. On T:15039 you reached level 1 of The Quest. On T:15757 you reached level 14 of The Dungeons of Doom. On T:16014 you reached level 15 of The Dungeons of Doom. On T:16322 you advanced to experience level 11. On T:16478 you reached level 16 of The Dungeons of Doom. On T:16723 you prayed to Thoth. On T:16940 you reached level 17 of The Dungeons of Doom. On T:17305 you reached level 18 of The Dungeons of Doom. On T:17305 you entered the Rogue tribute level. On T:17537 you reached level 19 of The Dungeons of Doom. On T:17925 you prayed to Thoth. Score breakdown: Gold: 24054 ( 2000 points) Experience: 11 levels ( 1000 points) Exploration: 19 levels ( 540 points) Discoveries: 124 items ( 2000 points) Variety of kills: 138 monsters ( 2000 points) Major goal: Sokoban/Mines ( 1500 points) Survival: died (score multiplied by 3) Total score: 27120 Latest messages: The sleep ray hits the ancient blue dragon. The sleep ray hits the young blue dragon. (2x) The blast of lightning hits the young blue dragon. The blast of lightning hits the ancient blue dragon. The blast of lightning hits you! But it reflects from your medallion! You are blinded by the flash! The blast of lightning hits the ancient blue dragon. The ancient blue dragon bites! The ancient blue dragon claws you! (2x) You can see again. You begin praying to Thoth. The blast of lightning hits the young blue dragon. The blast of lightning misses the ancient blue dragon. The blast of lightning hits you! But it reflects from your medallion! You are blinded by the flash! The ancient blue dragon bites! The ancient blue dragon claws you! You die... Final status: Goodbye Anemone the Wizard, killed by an ancient blue dragon, while praying... You died in The Dungeons of Doom on dungeon level 19 with 27120 points, and 24054 pieces of gold, after 17925 moves. You were level 11 with a maximum of 84 hit points when you died.